 Dungeon Crawl Stone Soup version 0.32-a0-20-ge526923d97 (webtiles) character file.

Game seed: 14503577125707716059

20 jasper the Covered (level 2, 25/25 HPs)
             Began as an Armataur Fighter on Jan 17, 2024.
             Quit the game on level 1 of the Dungeon.
             The game lasted 00:01:29 (778 turns).

jasper the Covered (Armataur Fighter)                Turns: 778, Time: 00:01:29

Health: 25/25      AC:  6    Str: 21    XL:     2   Next: 58%
Magic:  2/2        EV:  7    Int:  8    God:
Gold:   65         SH:  4    Dex:  9    Spells: 1/1 levels left

rFire   . . .        a - +0 war axe
rCold   . . .        c - +0 buckler
rNeg    . . .        b - +0 scale mail
rPois   .            (no helmet)
rElec   .            (no cloak)
rCorr   .            (no gloves)
SInv    .            (no barding)
Will    .....        (no amulet) Stlth
                     (no ring)
HPRegen 0.24/turn    (no ring)
MPRegen 0.08/turn

%: roll
@: no status effects
A: large, deformed body, tough skin 3, armoured tail, roll 1
a: no special abilities


You were on level 1 of the Dungeon.
You visited 1 branch of the dungeon, and saw 1 of its levels.

You collected 65 gold pieces.

Inventory:

Hand Weapons
 a - a +0 war axe (weapon)
Missiles
 g - 4 poisoned darts (quivered)
Armour
 b - a +0 scale mail (worn)
 c - a +0 buckler (worn)
Scrolls
 e - a scroll of noise {unknown}
 h - a scroll of brand weapon {unknown}
 k - a scroll of identify {unknown}
Potions
 d - a potion of might
 f - a potion of lignification {unknown}
 i - 2 potions of heal wounds {unknown}
 j - a potion of enlightenment {unknown}


   Skills:
 - Level 2.6 Fighting
 + Level 2.6 Axes
 - Level 3.6 Armour
 - Level 3.2 Shields


You had one spell level left.
You didn't know any spells.
Your spell library contained the following spells:

 Spells                   Type           Power      Damage    Failure   Level
 Apportation              Tloc           0%         N/A       82%         1
 Jinxbite                 Hex            0%         N/A       91%         2
 Alistair's Intoxication  Alch           0%         N/A       100%        5
 Summon Forest            Summ/Tloc      0%         N/A       100%        5
 Eringya's Noxious Bog    Alch           0%         4d6       100%        6
 Summon Hydra             Summ           0%         N/A       100%        7


Dungeon Overview and Level Annotations

Branches:
Dungeon (1/15)

Altars:


Innate Abilities, Weirdness & Mutations

Armour fits poorly on your strangely shaped body.
You have extremely tough skin. (AC +3)
You have a long armoured tail.
You regenerate magic when rolling toward enemies. (Rampage MPRegen)


Message History

You roll towards the rat!
You slash the rat!
You kill the rat!
Found an escape hatch in the floor.
g - 4 poisoned darts (gained 1)
There is an escape hatch in the floor here.
You see here a frilled lizard corpse.
A bat comes into view.
You completely miss the bat. The bat hits you but does no damage.
The bat barely misses you.
You slash the bat!
You kill the bat!
You see here a bat corpse.
You open the door.
There is an open door here.
There is an open door here.
Things that are here:
a +0 dagger; 3 stones; a kobold skeleton A quokka and a ball python come into view.
The ball python hisses angrily.
You barely miss the ball python. You block the ball python's attack.
Unknown command.
You barely miss the ball python.
The ball python bites you but does no damage. x2
You barely miss the ball python. You tail-slap the ball python.
You kill the ball python!
You hit the quokka.
You kill the quokka!
Things that are here:
a quokka corpse; a ball python corpse A ball python comes into view.
You roll towards the ball python!
You closely miss the ball python. The ball python barely misses you.
The ball python bites you but does no damage.
You hit the ball python.
You kill the ball python!
A rat comes into view.
The rat squeaks loudly.
You hit the rat.
You kill the rat!
Are you sure you want to abandon this character and quit the game? (Confirm with "yes".)

#.#
..................
###.# #.
##########........
#...# #. #.##.#.#.
#.### ##.#
#.##.#.#. #.#
##...# #>##.#.#.
#.# ##.....##
#.##.#.#. #.#
#.......#
#.##.#... #.#
#......# #.##.....
#.# #@# #.##.....
#.# #.# #.##.##..
#.# #.# #.#######
#.# #.# #..###8##
#.# #.# ##..'....
#.# #.# #.###8##
#.# #####.#
#.###### #.#
#.†...# #.#.##..
#.# #.#####
#.#.....


There were no monsters in sight!

Vanquished Creatures
  3 ball pythons (D:1)
  3 bats (D:1)
  A giant cockroach (D:1)
  3 goblins (D:1)
  A hobgoblin (D:1)
  A quokka (D:1)
  2 frilled lizards (D:1)
  2 kobolds (D:1)
  2 rats (D:1)
18 creatures vanquished.

Notes
Turn   | Place    | Note
-------+----------+-------------------------------------------
     0 | D:1      | jasper the Armataur Fighter began the quest for the Orb.
     0 | D:1      | Reached XP level 1. HP: 18/18 MP: 1/1
   244 | D:1      | Found a faded altar of an unknown god.
   249 | D:1      | Reached XP level 2. HP: 23/25 MP: 2/2
   778 | D:1      | Quit the game

Illustrated notes

Levels and vault maps discovered:
D:1:      minmay_arrival_stair_chambers, layout_loops_ring,
          ebering_ecumenical_altar_box, dk_noncrumbling_2

Skill      XL: |  1 |
---------------+----+-----
Axes           | 2 |  2.6
Fighting       | |  2.6
Armour         | |  3.6
Shields        | |  3.2

Action                     || total
---------------------------++-------
  Melee: War axe           ||    43
         Tailslap          ||     5
  Throw: Dart              ||     8
 Armour: Scale mail        ||    27
  Dodge: Dodged            ||    16
  Block: Buckler           ||     4

Table legend: (Time is in decaauts)
 A = Elapsed time spent in this place.
 B = Non-inter-level travel time spent in this place.
 C = Inter-level travel time spent in this place.
 D = Time resting spent in this place.
 E = Time spent auto-exploring this place.
 F = Levels seen in this place.
 G = Mean time per level.
                   A        B        C        D        E       F      G
               +--------+--------+--------+--------+--------+-----+--------+
         Total |    796 |    796 |      0 |     45 |    600 |   1 |  796.0 |
       Dungeon |    796 |    796 |      0 |     45 |    600 |   1 |  796.0 |
               +--------+--------+--------+--------+--------+-----+--------+

Top non-repeatable levels by time:
     D:1: 796 daAuts
